 Dungeon Crawl Stone Soup version 0.31-a0-700-gf13585253f (webtiles) character file.

Game seed: 17034967035819462492

1630 javelincjr the Caller (level 8, -3/52 HPs)
             Began as an Octopode Summoner on Sept 7, 2023.
             Was a Priest of Sif Muna.
             Slain by a boulder beetle (20 damage)
             ... on level 7 of the Dungeon.
             The game lasted 00:25:50 (5441 turns).

javelincjr the Caller (Octopode Summoner)           Turns: 5441, Time: 00:25:51

Health: -3/52      AC:  5    Str:  7    XL:     8   Next: 97%
Magic:  3/15       EV: 16    Int: 20    God:    Sif Muna [***...]
Gold:   256        SH:  5    Dex: 23    Spells: 8/16 levels left

rFire   . . .        q - +9 falchion "Ihicidor" {pain, Dex+5 SInv}
rCold   . . .        (no shield)
rNeg    . . .        (helmet restricted)
rPois   .            u - amulet of reflection
rElec   .            k - +4 ring of protection
rCorr   .            r - +6 ring of dexterity
SInv    +            (no ring)
Will    .....        (no ring)
Stlth   +++++        (no ring)
HPRegen 0.28/turn    (no ring)
MPRegen 0.14/turn    (no ring)
                     (no ring)

%: reflection
@: no status effects
A: almost no armour, amphibious, 8 rings, camouflage 1, gelatinous body 1,
(nimble swimmer 1), tentacles
a: Renounce Religion, Channel Magic, Forget Spell


You were on level 7 of the Dungeon.
You worshipped Sif Muna.
Sif Muna was most pleased with you.
You visited 2 branches of the dungeon, and saw 8 of its levels.

You collected 256 gold pieces.

Inventory:

Hand Weapons
 h - a +1 trident of venom
 q - the +9 falchion "Ihicidor" (weapon) {pain, Dex+5 SInv}
   (You found it on level 3 of the Dungeon)

   Dex+5:     It affects your dexterity (+5).
   SInv:      It lets you see invisible.
Jewellery
 k - a +4 ring of protection (left tentacle)
 r - a +6 ring of dexterity (right tentacle)
 u - an amulet of reflection (around mantle)
Wands
 t - a wand of polymorph (11)
Scrolls
 c - a scroll of fog {unknown}
 m - a scroll of brand weapon {unknown}
 n - 5 scrolls of identify {unknown}
 o - a scroll of enchant armour {unknown}
 p - 2 scrolls of teleportation {unknown}
 v - 2 scrolls of noise {unknown}
Potions
 a - 2 potions of magic
 b - 2 potions of attraction {unknown}
 d - a potion of berserk rage {unknown}
 e - 3 potions of enlightenment {unknown}
 f - 2 potions of haste {unknown}
 g - 2 potions of curing {unknown}
 i - a potion of invisibility {unknown}
 j - a potion of might {unknown}
 l - 4 potions of lignification {unknown}
 s - a potion of ambrosia {unknown}


   Skills:
 + Level 3.0 Fighting
 + Level 2.3 Long Blades
 + Level 3.0 Polearms
 + Level 4.1 Dodging
 + Level 5.8 Stealth
 * Level 4.9 Spellcasting
 * Level 6.3 Summonings
 + Level 2.4 Necromancy
 + Level 2.7 Invocations


You had 8 spell levels left.
You knew the following spells:

 Your Spells              Type           Power      Damage    Failure   Level
a - Summon Small Mammal   Summ           100%       N/A       1%          1
b - Call Imp              Summ           60%        N/A       1%          2
c - Call Canine Familiar  Summ           30%        N/A       2%          3
d - Jinxbite              Hex            8%         N/A       19%         2

Your spell library contained the following spells:

 Spells                   Type           Power      Damage    Failure   Level
 Summon Guardian Golem    Hex/Summ       17%        N/A       10%         3
 Ensorcelled Hibernation  Hex/Ice        8%         N/A       19%         2
 Passwall                 Tmut/Erth      3%         N/A       19%         2
 Summon Lightning Spire   Summ/Air       17%        N/A       32%         4
 Frozen Ramparts          Ice            8%         1d2       34%         3
 Swiftness                Air            4%         N/A       34%         3
 Volatile Blastmotes      Fire/Tloc      8%         2d10      34%         3
 Anguish                  Hex/Necr       4%         N/A       56%         4
 Cause Fear               Hex            2%         N/A       75%         4
 Petrify                  Tmut/Erth      4%         N/A       75%         4
 Metabolic Englaciation   Hex/Ice        2%         N/A       97%         5
 Enfeeble                 Hex            2%         N/A       100%        7
 Borgnjor's Revivificati  Necr           7%         N/A       100%        8
 Infestation              Necr           7%         N/A       100%        8


Dungeon Overview and Level Annotations

Branches:
Dungeon (7/15)             Temple (1/1) D:4

Altars:
Cheibriados
Fedhas
Gozag
Hepliaklqana
Kikubaaqudgha
Makhleb
Nemelex Xobeh
Okawaru
Ru
Sif Muna
Trog
Uskayaw
Vehumet
Wu Jian
Xom
Yredelemnul
Zin
The Shining One

Shops:
D:4 (   D:5 [   D:6 *((


Innate Abilities, Weirdness & Mutations

You cannot wear most types of armour.
You are amphibious.
You can wear up to eight rings at the same time.
Your skin changes colour to match your surroundings (Stealth+).
Your rubbery body absorbs attacks. (AC +1, EV +1)
((You are camouflaged when in or above water. (Stealth+)))
You have tentacles for arms and can constrict up to eight enemies at once.


Message History

Your cerulean imp hits the boulder beetle but does no damage.
Your hound bites the boulder beetle but does no damage.
The boulder beetle bites your hound!
Your hound bites the boulder beetle but does no damage.
Your cerulean imp hits the boulder beetle but does no damage.
Your hound bites the boulder beetle.
The boulder beetle curls into a ball and begins rolling!
Your cerulean imp hits the boulder beetle but does no damage.
Your hound bites the boulder beetle but does no damage.
The boulder beetle closely misses your hound.
The boulder beetle stops rolling and uncurls.
Your cerulean imp barely misses the boulder beetle.
Your hound bites the boulder beetle but does no damage.
Your hound bites the boulder beetle but does no damage.
The boulder beetle bites your hound!
Your hound dies!
Your hound's corpse disappears in a puff of smoke!
Your cerulean imp hits the boulder beetle but does no damage.
Your cerulean imp hits the boulder beetle but does no damage.
Casting: Call Imp (safe; 1% risk of failure)
Confirm with . or Enter, or press ? or * to list all spells.
Your cerulean imp hits the boulder beetle with a -1 spear.
You hit the boulder beetle.
The boulder beetle is moderately wounded.
The boulder beetle completely misses you.
Your cerulean imp hits the boulder beetle but does no damage.
You completely miss the boulder beetle.
The boulder beetle is moderately wounded.
Your hound bites the boulder beetle but does no damage.
The boulder beetle bites you.
Your hound bites the boulder beetle but does no damage.
Your cerulean imp hits the boulder beetle but does no damage.
You hit the boulder beetle.
The boulder beetle is moderately wounded.
Your hound bites the boulder beetle but does no damage.
The boulder beetle bites you!!
Your cerulean imp hits the boulder beetle but does no damage.
Your hound bites the boulder beetle but does no damage.
The boulder beetle bites you!!
You die...

##############
####...h@........
##......5B########
#..##.###.#
########..##.# #.#
+.....))).##.#
#.......#
########).##.#
######..# #....#
#..##.#
#....###..##.#
#....'.......#


You could see a boulder beetle (ally target), a friendly hound (summoned) and a
friendly cerulean imp (summoned).

Vanquished Creatures
  An orc warrior (D:6)
  A black bear (D:6)
  A kobold brigand (D:7)
  3 scorpions
  A howler monkey (D:5)
  2 orc priests
  4 hounds
  A gnoll bouda (D:4)
  3 iguanas
  A sleepcap (D:4)
  2 orc wizards
  4 gnolls
  11 adders
  A worm (D:4)
  4 dart slugs
  12 orcs
  6 ball pythons
  3 endoplasms
  3 giant cockroaches
  2 goblins
  2 hobgoblins
  5 jackals
  7 kobolds
  4 quokkas
  4 bats
  4 frilled lizards
  5 rats
97 creatures vanquished.

Vanquished Creatures (collateral kills)
  Sigmund (D:5)
  An ogre (D:5)
  A scorpion (D:5)
  2 jellies
  A hound (D:6)
  An iguana (D:5)
  2 orc wizards (D:6)
  5 gnolls
  2 adders (D:2)
  2 dart slugs
  3 orcs
  3 ball pythons
  2 bats (D:3)
  2 endoplasms
  A giant cockroach (D:1)
  3 hobgoblins
  2 jackals (D:1)
  5 kobolds
  A quokka (D:1)
  3 frilled lizards
  A goblin (D:1)
  3 rats
47 creatures vanquished.

Grand Total: 144 creatures vanquished

Notes
Turn   | Place    | Note
-------+----------+-------------------------------------------
     0 | D:1      | javelincjr the Octopode Summoner began the quest for the
                  | Orb.
     0 | D:1      | Reached XP level 1. HP: 11/11 MP: 3/3
   131 | D:1      | Reached XP level 2. HP: 11/17 MP: 1/5
   197 | D:1      | Got the Parchment of Vile Geometry
   374 | D:1      | Learned a level 2 spell: Call Imp
   643 | D:1      | Reached XP level 3. HP: 20/21 MP: 6/6
   986 | D:2      | Learned a level 3 spell: Call Canine Familiar
  1021 | D:2      | Reached XP level 4. HP: 27/27 MP: 1/7
  1090 | D:2      | You fall into a shaft and drop 2 floors!
  1465 | D:4      | Found a staircase to the Ecumenical Temple.
  1479 | Temple   | Entered the Ecumenical Temple
  1495 | Temple   | Became a worshipper of Sif Muna the Loreminder
  1566 | D:4      | Found a transporter.
  1566 | D:4      | Found Pipi's Antique Weapon Shop.
  1597 | D:4      | Found a transporter.
  2025 | D:2      | Reached XP level 5. HP: 18/32 MP: 9/9
  2358 | D:3      | Found a snail-covered altar of Cheibriados.
  2361 | D:3      | Reached skill level 1 in Polearms
  2365 | D:3      | Reached skill level 1 in Fighting
  2367 | D:3      | Reached * piety under Sif Muna
  2472 | D:3      | Found a faded altar of an unknown god.
  2507 | D:3      | Reached XP level 6. HP: 38/38 MP: 8/10
  2544 | D:3      | Learned a level 2 spell: Jinxbite
  2580 | D:3      | Identified the +9 falchion "Ihicidor" {pain, Dex+5 SInv}
  2808 | D:3      | Found a bloodstained altar of Trog.
  2985 | D:4      | Reached skill level 5 in Summonings
  3165 | D:4      | Reached ** piety under Sif Muna
  3261 | D:4      | Reached skill level 1 in Invocations
  3263 | D:4      | Reached XP level 7. HP: 41/43 MP: 7/12
  3389 | D:4      | Reached skill level 1 in Necromancy
  3517 | D:5      | Entered Level 5 of the Dungeon
  3528 | D:5      | Reached skill level 1 in Long Blades
  3649 | D:5      | Noticed Sigmund
  3666 | D:5      | Killed Sigmund
  3667 | D:5      | Reached skill level 5 in Stealth
  3745 | D:5      | Reached XP level 8. HP: 49/50 MP: 4/14
  4069 | D:5      | Found Xyseruin's Armour Boutique.
  4637 | D:6      | Reached skill level 6 in Summonings
  4695 | D:6      | Found Ygik's Antique Weapon Emporium.
  4781 | D:6      | Found Dodar's Antique Weapon Shop.
  4886 | D:6      | Reached *** piety under Sif Muna
  4970 | D:6      | Found Nelyopp's General Store.
  5411 | D:7      | Noticed a boulder beetle
  5441 | D:7      | Slain by a boulder beetle

Illustrated notes

Levels and vault maps discovered:
D:1:      minmay_arrival_shoal_huts, layout_rooms, minivault_11,
          reono_crystal_passage
D:2:      layout_basic
D:3:      layout_basic, trog_butcher_becter, kennysheep_slug_shrine,
          ebering_ecumenical_altar_sacrificial, minmay_misc_feat_roman,
          minmay_circle_x
D:4:      minmay_chambers_of_twos, layout_basic,
          minmay_temple_entry_stoned_glass, serial_shops,
          nicolae_shop_drivethru, hangedman_abyss_or_decor_stabs,
          minmay_hedge_maze
D:5:      layout_loops_ring, serial_shops, nicolae_shop_tiny_glass, uniq_sigmund
D:6:      layout_basic, serial_shops, nicolae_shop_window_shopping,
          nicolae_shop_back_alley_shop, nicolae_shop_behind_doors, st_stairs_11,
          minmay_misc_feat_nine_boxes
D:7:      layout_basic, enter_bailey_4, uniq_jeremiah
Temple:   nicolae_temple_elliptical

Skill      XL: |  1  2  3  4  5  6  7  8 |
---------------+-------------------------+-----
Stealth        | 3 4 5 |  5.8
Spellcasting   | 3 4 |  4.9
Polearms       | 1 2 3 |  3.0
Fighting       | 1 2 3 |  3.0
Dodging        | 3 4 |  4.1
Summonings     | 5 6 |  6.3
Invocations    | 1 2 |  2.7
Necromancy     | 1 2 |  2.4
Long Blades    | 1 2 |  2.3

Action                     |  1- 3 |  4- 6 |  7- 9 || total
---------------------------+-------+-------+-------++-------
  Melee: Unarmed           |    53 |     4 |       ||    57
         Constrict         |    19 |    22 |    21 ||    62
         Tentacles         |    15 |     8 |    17 ||    40
         Punch             |     2 |     1 |     1 ||     4
         Trident           |       |    68 |       ||    68
         Falchion          |       |    31 |    82 ||   113
   Cast: Summon Small Mamm |    19 |     2 |       ||    21
         Call Imp          |     7 |    18 |    20 ||    45
         Call Canine Famil |     1 |     8 |    20 ||    29
         Jinxbite          |       |     1 |     1 ||     2
   Stab: Sleeping          |     5 |     8 |     6 ||    19
         Distracted        |       |     2 |       ||     2
 Armour: Skin              |    25 |    36 |    49 ||   110
  Dodge: Dodged            |    36 |    64 |    61 ||   161
  Block: Other             |       |       |     6 ||     6
         Reflection        |       |       |     1 ||     1

Table legend: (Time is in decaauts)
 A = Elapsed time spent in this place.
 B = Non-inter-level travel time spent in this place.
 C = Inter-level travel time spent in this place.
 D = Time resting spent in this place.
 E = Time spent auto-exploring this place.
 F = Levels seen in this place.
 G = Mean time per level.
                   A        B        C        D        E       F      G
               +--------+--------+--------+--------+--------+-----+--------+
         Total |   5484 |   5318 |    166 |    234 |   3649 |   8 |  685.5 |
       Dungeon |   5450 |   5314 |    136 |    234 |   3649 |   7 |  778.6 |
        Temple |     34 |      4 |     30 |      0 |      0 |   1 |   34.0 |
               +--------+--------+--------+--------+--------+-----+--------+

Top non-repeatable levels by time:
     D:4: 1168 daAuts
     D:5: 1039 daAuts
     D:3: 808 daAuts
     D:6: 788 daAuts
     D:1: 771 daAuts
     D:2: 763 daAuts
     D:7: 110 daAuts
  Temple: 34 daAuts
